3126 views
Uploaded 2020-01-14 03:27:04
Game version 1.32.0.5
28:10 long 2on2 ladder game on (4)HillsbradCreek
Saved by SouL
3126 views
Uploaded 2020-01-14 03:27:04
Game version 1.32.0.5
28:10 long 2on2 ladder game on (4)HillsbradCreek


108 units @ 17k
/ 2.5k
43 buildings @ 5.9k
/ 2.4k


| Rod of Necromancy | 3 | 450 |
| Orb of Corruption | 1 | 375 |
| Potion of Healing | 1 | 150 |
| Scroll of Town Portal | 3 | 1050 |
| Scroll of Healing | 4 | 1000 |
| total: | 12 | 3025g |
| Acolyte | 3 | 225 | / | 0 |
| Ghoul | 4 | 480 | / | 0 |
| Crypt Fiend | 18 | 3870 | / | 720 |
| Obsidian Statue | 7 | 1400 | / | 245 |
| Abomination | 17 | 4080 | / | 1190 |
| total: | 49 | 10055g | / | 2155w |
| Crypt | 1 | 200 | / | 50 |
| Graveyard | 1 | 215 | / | 0 |
| Altar of Darkness | 1 | 180 | / | 50 |
| Ziggurat | 8 | 1200 | / | 400 |
| Tomb of Relics | 1 | 130 | / | 30 |
| Necropolis | 1 | 225 | / | 0 |
| Slaughterhouse | 2 | 280 | / | 270 |
| Sacrificial Pit | 1 | 75 | / | 150 |
| Halls of the Dead | 3 | 960 | / | 630 |
| Black Citadel | 2 | 650 | / | 460 |
| total: | 16 | 2505g | / | 950w |
| 0:03 | Acolyte |
| 0:07 | Crypt |
| 0:14 | Graveyard |
| 0:19 | Acolyte |
| 0:43 | Altar of Darkness |
| 0:58 | Ziggurat |
| 1:09 | Ghoul |
| 1:09 | Ghoul |
| 1:09 | Ghoul |
| 1:28 | Tomb of Relics |
| 1:51 | Crypt Fiend |
| 2:00 | Ziggurat |
| 2:24 | Crypt Fiend |
| 2:48 | Rod of Necromancy |
| 2:49 | Death Coil |
| 2:58 | Crypt Fiend |
| 2:58 | Crypt Fiend |
| 2:58 | Crypt Fiend |
| 3:34 | Halls of the Dead |
| 3:50 | Crypt Fiend |
| 4:05 | Unholy Aura |
| 4:13 | Ziggurat |
| 4:40 | Crypt Fiend |
| 5:19 | Crypt Fiend |
| 5:41 | Death Coil |
| 6:03 | Ghoul |
| 6:25 | Slaughterhouse |
| 7:02 | Frost Nova |
| 7:05 | Rod of Necromancy |
| 7:43 | Black Citadel |
| 7:52 | Crypt Fiend |
| 8:23 | Crypt Fiend |
| 8:26 | Obsidian Statue |
| 8:48 | Crypt Fiend |
| 9:22 | Ziggurat |
| 9:30 | Creature Attack |
| 9:30 | Improved Creature Attack |
| 9:33 | Sacrificial Pit |
| 9:36 | Ziggurat |
| 9:38 | Rod of Necromancy |
| 9:51 | Burrow |
| 10:11 | Destroyer Form |
| 10:30 | Dark Ritual |
| 10:33 | Orb of Corruption |
| 11:07 | Obsidian Statue |
| 11:08 | Crypt Fiend |
| 11:10 | Slaughterhouse |
| 11:41 | Crypt Fiend |
| 11:44 | Scroll of Town Portal |
| 11:49 | Abomination |
| 11:53 | Ziggurat |
| 11:54 | Acolyte |
| 12:02 | Scroll of Healing |
| 12:17 | Abomination |
| 12:33 | Abomination |
| 13:17 | Abomination |
| 13:26 | Death Pact |
| 14:16 | Obsidian Statue |
| 14:17 | Ziggurat |
| 14:18 | Advanced Creature Attack |
| 14:26 | Frost Nova |
| 14:44 | Ziggurat |
| 15:07 | Scroll of Town Portal |
| 15:07 | Scroll of Healing |
| 16:16 | Disease Cloud |
| 17:34 | Abomination |
| 17:41 | Dark Ritual |
| 18:19 | Obsidian Statue |
| 18:21 | Obsidian Statue |
| 18:33 | Crypt Fiend |
| 19:35 | Necropolis |
| 20:31 | Abomination |
| 20:41 | Scroll of Healing |
| 21:03 | Abomination |
| 21:04 | Abomination |
| 21:04 | Abomination |
| 22:57 | Abomination |
| 23:05 | Death Coil |
| 23:07 | Frost Nova |
| 23:22 | Obsidian Statue |
| 23:41 | Scroll of Town Portal |
| 23:42 | Scroll of Healing |
| 24:04 | Crypt Fiend |
| 24:05 | Abomination |
| 24:27 | Abomination |
| 24:41 | Unholy Armor |
| 24:41 | Crypt Fiend |
| 25:04 | Abomination |
| 25:33 | Obsidian Statue |
| 26:00 | Crypt Fiend |
| 26:00 | Abomination |
| 26:17 | Abomination |
| 26:54 | Abomination |
| 27:36 | Abomination |
| 27:57 | Crypt Fiend |
| 28:03 | Potion of Healing |
| Select group | 3155 |
| Right click | 1709 |
| Select | 891 |
| Misc. action | 333 |
| Build/train/purchase | 181 |
| Assign group | 148 |
| Use ability | 93 |
| Resource trade | 10 |
| Minimap ping | 5 |
| Item give/drop | 4 |
| Esc | 3 |
Encoder
(28:03) : 

| Scroll of Regeneration | 3 | 300 |
| Lesser Clarity Potion | 2 | 140 |
| Scroll of Town Portal | 2 | 700 |
| total: | 7 | 1140g |
| Peasant | 31 | 2325 | / | 0 |
| Footman | 12 | 1620 | / | 0 |
| Spell Breaker | 10 | 2150 | / | 300 |
| Priest | 3 | 405 | / | 30 |
| Sorceress | 3 | 465 | / | 60 |
| total: | 59 | 6965g | / | 390w |
| Scout Tower | 2 | 60 | / | 40 |
| Guard Tower | 1 | 70 | / | 50 |
| Arcane Tower | 1 | 70 | / | 50 |
| Altar of Kings | 1 | 180 | / | 50 |
| Farm | 12 | 960 | / | 240 |
| Barracks | 1 | 160 | / | 60 |
| Lumber Mill | 1 | 120 | / | 0 |
| Town Hall | 2 | 770 | / | 410 |
| Arcane Vault | 4 | 520 | / | 120 |
| Blacksmith | 1 | 140 | / | 60 |
| Arcane Sanctum | 3 | 450 | / | 420 |
| Keep | 1 | 320 | / | 210 |
| total: | 27 | 3360g | / | 1400w |
| 0:03 | Peasant |
| 0:03 | Peasant |
| 0:10 | Altar of Kings |
| 0:13 | Farm |
| 0:22 | Barracks |
| 0:25 | Farm |
| 0:33 | Peasant |
| 0:52 | Peasant |
| 1:00 | Peasant |
| 1:15 | Peasant |
| 1:25 | Footman |
| 1:32 | Farm |
| 1:35 | Peasant |
| 1:45 | Footman |
| 2:01 | Peasant |
| 2:05 | Lumber Mill |
| 2:14 | Summon Water Elemental |
| 2:21 | Footman |
| 2:30 | Farm |
| 2:37 | Peasant |
| 2:47 | Footman |
| 2:54 | Peasant |
| 3:16 | Footman |
| 3:42 | Footman |
| 3:48 | Brilliance Aura |
| 4:15 | Footman |
| 4:15 | Defend |
| 4:29 | Farm |
| 4:31 | Farm |
| 4:31 | Farm |
| 4:40 | Town Hall |
| 4:43 | Scout Tower |
| 4:45 | Scout Tower |
| 5:13 | Guard Tower |
| 5:14 | Arcane Tower |
| 5:41 | Summon Water Elemental |
| 6:04 | Keep |
| 6:14 | Arcane Vault |
| 6:18 | Peasant |
| 6:25 | Footman |
| 6:25 | Footman |
| 6:26 | Footman |
| 7:17 | Footman |
| 7:47 | Footman |
| 8:40 | Brilliance Aura |
| 9:05 | Arcane Sanctum |
| 9:09 | Arcane Sanctum |
| 9:12 | Arcane Sanctum |
| 9:38 | Scroll of Regeneration |
| 9:38 | Lesser Clarity Potion |
| 9:57 | Blacksmith |
| 10:04 | Spell Breaker |
| 10:06 | Spell Breaker |
| 10:08 | Priest |
| 10:08 | Sorceress |
| 10:09 | Sorceress Adept Training |
| 10:09 | Priest Adept Training |
| 10:44 | Peasant |
| 10:44 | Peasant |
| 11:07 | Arcane Vault |
| 11:32 | Flame Strike |
| 11:50 | Sorceress |
| 11:51 | Iron Forged Swords |
| 11:51 | Iron Plating |
| 11:53 | Improved Lumber Harvesting |
| 11:53 | Improved Masonry |
| 12:24 | Spell Breaker |
| 12:25 | Spell Breaker |
| 13:15 | Arcane Vault |
| 14:13 | Priest |
| 14:22 | Scroll of Regeneration |
| 14:45 | Town Hall |
| 14:59 | Spell Breaker |
| 15:36 | Peasant |
| 15:37 | Peasant |
| 16:00 | Scroll of Town Portal |
| 16:00 | Scroll of Town Portal |
| 16:06 | Peasant |
| 16:06 | Peasant |
| 16:06 | Peasant |
| 16:18 | Advanced Masonry |
| 16:18 | Imbued Masonry |
| 17:14 | Spell Breaker |
| 17:19 | Siphon Mana |
| 18:17 | Peasant |
| 18:17 | Peasant |
| 18:17 | Peasant |
| 18:18 | Peasant |
| 18:18 | Peasant |
| 18:26 | Summon Water Elemental |
| 18:30 | Priest |
| 18:32 | Scroll of Regeneration |
| 18:32 | Lesser Clarity Potion |
| 18:48 | Sorceress |
| 19:07 | Peasant |
| 19:07 | Peasant |
| 19:07 | Peasant |
| 19:08 | Peasant |
| 19:33 | Flame Strike |
| 19:42 | Spell Breaker |
| 19:47 | Farm |
| 19:47 | Farm |
| 19:47 | Farm |
| 19:49 | Farm |
| 19:51 | Farm |
| 20:23 | Spell Breaker |
| 20:45 | Spell Breaker |
| 20:55 | Steel Forged Swords |
| 21:08 | Peasant |
| 21:08 | Peasant |
| 21:30 | Spell Breaker |
| 22:21 | Peasant |
| 22:21 | Peasant |
| 23:10 | Siphon Mana |
| 23:24 | Arcane Vault |
| Right click | 1184 |
| Select group | 798 |
| Select | 407 |
| Build/train/purchase | 161 |
| Misc. action | 159 |
| Assign group | 63 |
| Resource trade | 35 |
| Use ability | 26 |
| Minimap ping | 8 |
| Esc | 4 |
| Chat | 4 |
| Item give/drop | 2 |
115 units @ 17.3k
/ 2.4k
36 buildings @ 4.8k
/ 1.9k


| Scroll of Regeneration | 8 | 800 |
| Lesser Clarity Potion | 5 | 350 |
| Orb of Fire | 1 | 325 |
| Potion of Healing | 4 | 600 |
| Potion of Mana | 2 | 400 |
| Scroll of Town Portal | 2 | 700 |
| Scroll of Healing | 3 | 750 |
| Potion of Lesser Invulnerability | 2 | 300 |
| total: | 27 | 4225g |
| Peasant | 17 | 1275 | / | 0 |
| Footman | 15 | 2025 | / | 0 |
| Rifleman | 20 | 4100 | / | 600 |
| Mortar Team | 10 | 1800 | / | 700 |
| total: | 62 | 9200g | / | 1300w |
| Farm | 10 | 800 | / | 200 |
| Altar of Kings | 1 | 180 | / | 50 |
| Barracks | 2 | 320 | / | 120 |
| Town Hall | 1 | 385 | / | 205 |
| Arcane Vault | 1 | 130 | / | 30 |
| Blacksmith | 1 | 140 | / | 60 |
| Workshop | 2 | 280 | / | 280 |
| Keep | 1 | 320 | / | 210 |
| Castle | 1 | 360 | / | 210 |
| total: | 18 | 2235g | / | 945w |
| 0:03 | Peasant |
| 0:03 | Peasant |
| 0:05 | Farm |
| 0:06 | Altar of Kings |
| 0:20 | Barracks |
| 0:22 | Peasant |
| 0:43 | Peasant |
| 0:51 | Peasant |
| 1:05 | Farm |
| 1:16 | Peasant |
| 1:22 | Footman |
| 1:34 | Farm |
| 1:37 | Footman |
| 1:43 | Peasant |
| 1:43 | Peasant |
| 1:50 | Peasant |
| 1:59 | Peasant |
| 2:16 | Peasant |
| 2:20 | Thunder Clap |
| 2:22 | Footman |
| 2:33 | Farm |
| 2:38 | Footman |
| 2:49 | Peasant |
| 2:51 | Peasant |
| 3:17 | Storm Bolt |
| 3:19 | Footman |
| 3:19 | Peasant |
| 3:46 | Town Hall |
| 4:06 | Arcane Vault |
| 4:31 | Footman |
| 5:23 | Footman |
| 5:23 | Footman |
| 5:37 | Footman |
| 5:37 | Footman |
| 5:44 | Thunder Clap |
| 6:00 | Barracks |
| 6:04 | Scroll of Regeneration |
| 6:04 | Lesser Clarity Potion |
| 6:11 | Blacksmith |
| 6:21 | Footman |
| 6:30 | Peasant |
| 6:31 | Peasant |
| 6:31 | Peasant |
| 6:33 | Keep |
| 6:35 | Scroll of Regeneration |
| 6:35 | Lesser Clarity Potion |
| 6:42 | Footman |
| 6:44 | Scroll of Regeneration |
| 6:57 | Footman |
| 6:59 | Defend |
| 7:07 | Rifleman |
| 7:37 | Footman |
| 7:55 | Footman |
| 8:39 | Rifleman |
| 8:40 | Rifleman |
| 9:03 | Rifleman |
| 9:17 | Farm |
| 9:26 | Farm |
| 9:36 | Castle |
| 9:38 | Workshop |
| 9:40 | Workshop |
| 9:50 | Orb of Fire |
| 9:53 | Potion of Healing |
| 9:53 | Potion of Healing |
| 9:59 | Scroll of Town Portal |
| 10:02 | Potion of Mana |
| 10:06 | Scroll of Regeneration |
| 10:06 | Scroll of Regeneration |
| 10:32 | Black Gunpowder |
| 10:33 | Studded Leather Armor |
| 11:39 | Mortar Team |
| 11:41 | Farm |
| 11:42 | Farm |
| 11:49 | Holy Light |
| 11:56 | Farm |
| 12:37 | Mortar Team |
| 12:37 | Fragmentation Shards |
| 12:54 | Rifleman |
| 13:23 | Rifleman |
| 13:24 | Rifleman |
| 13:30 | Rifleman |
| 13:47 | Mortar Team |
| 13:48 | Long Rifles |
| 13:53 | Farm |
| 13:59 | Scroll of Regeneration |
| 14:09 | Scroll of Town Portal |
| 14:23 | Rifleman |
| 14:34 | Storm Bolt |
| 14:50 | Divine Shield |
| 15:00 | Scroll of Healing |
| 15:00 | Potion of Lesser Invulnerability |
| 15:18 | Lesser Clarity Potion |
| 15:25 | Mortar Team |
| 15:28 | Refined Gunpowder |
| 15:51 | Rifleman |
| 17:33 | Rifleman |
| 17:33 | Rifleman |
| 17:46 | Rifleman |
| 18:02 | Rifleman |
| 18:25 | Mortar Team |
| 18:34 | Scroll of Regeneration |
| 18:46 | Imbued Gunpowder |
| 19:05 | Lesser Clarity Potion |
| 19:05 | Lesser Clarity Potion |
| 19:08 | Potion of Lesser Invulnerability |
| 19:23 | Rifleman |
| 19:53 | Storm Bolt |
| 19:54 | Holy Light |
| 19:58 | Rifleman |
| 19:59 | Mortar Team |
| 20:26 | Scroll of Regeneration |
| 20:34 | Potion of Healing |
| 20:34 | Potion of Mana |
| 20:44 | Potion of Healing |
| 21:03 | Scroll of Healing |
| 21:03 | Scroll of Healing |
| 21:10 | Mortar Team |
| 21:14 | Reinforced Leather Armor |
| 21:14 | Dragonhide Armor |
| 22:44 | Mortar Team |
| 22:44 | Mortar Team |
| 23:27 | Mortar Team |
| 23:28 | Rifleman |
| 24:33 | Rifleman |
| 24:33 | Rifleman |
| 24:59 | Divine Shield |
| 25:33 | Rifleman |
| 25:49 | Flare |
| 27:06 | Avatar |
| 27:32 | Holy Light |
| Right click | 2830 |
| Select group | 2144 |
| Select | 775 |
| Misc. action | 624 |
| Assign group | 333 |
| Build/train/purchase | 190 |
| Use ability | 54 |
| Minimap ping | 14 |
| Resource trade | 14 |
| Remove unit | 7 |
| Item give/drop | 3 |


| Lesser Clarity Potion | 3 | 210 |
| Scroll of Regeneration | 1 | 100 |
| Potion of Healing | 1 | 150 |
| Scroll of Town Portal | 1 | 350 |
| total: | 6 | 810g |
| Peasant | 14 | 1050 | / | 0 |
| Footman | 10 | 1350 | / | 0 |
| Priest | 12 | 1620 | / | 120 |
| Knight | 15 | 3675 | / | 900 |
| Spell Breaker | 2 | 430 | / | 60 |
| total: | 53 | 8125g | / | 1080w |
| Altar of Kings | 1 | 180 | / | 50 |
| Farm | 9 | 720 | / | 180 |
| Barracks | 2 | 320 | / | 120 |
| Arcane Vault | 1 | 130 | / | 30 |
| Lumber Mill | 1 | 120 | / | 0 |
| Blacksmith | 1 | 140 | / | 60 |
| Town Hall | 2 | 770 | / | 410 |
| Arcane Sanctum | 1 | 150 | / | 140 |
| Keep | 2 | 640 | / | 420 |
| Castle | 2 | 720 | / | 420 |
| total: | 18 | 2530g | / | 990w |
| 0:04 | Altar of Kings |
| 0:05 | Peasant |
| 0:05 | Peasant |
| 0:09 | Farm |
| 0:16 | Peasant |
| 0:23 | Barracks |
| 0:27 | Peasant |
| 0:27 | Peasant |
| 0:40 | Peasant |
| 0:49 | Farm |
| 1:15 | Peasant |
| 1:21 | Peasant |
| 1:27 | Farm |
| 1:30 | Peasant |
| 1:34 | Footman |
| 1:34 | Footman |
| 1:49 | Peasant |
| 1:52 | Footman |
| 1:59 | Peasant |
| 2:08 | Peasant |
| 2:14 | Peasant |
| 2:23 | Flame Strike |
| 2:24 | Peasant |
| 2:28 | Footman |
| 2:49 | Footman |
| 2:59 | Farm |
| 3:01 | Arcane Vault |
| 3:16 | Footman |
| 3:41 | Siphon Mana |
| 3:50 | Footman |
| 4:06 | Keep |
| 4:12 | Farm |
| 4:15 | Lumber Mill |
| 4:30 | Defend |
| 4:48 | Blacksmith |
| 5:39 | Footman |
| 5:49 | Siphon Mana |
| 6:25 | Footman |
| 6:27 | Farm |
| 6:29 | Lesser Clarity Potion |
| 6:29 | Scroll of Regeneration |
| 6:38 | Iron Forged Swords |
| 6:38 | Steel Forged Swords |
| 7:00 | Arcane Sanctum |
| 7:01 | Castle |
| 8:17 | Priest |
| 8:17 | Priest |
| 8:19 | Barracks |
| 8:19 | Mithril Forged Swords |
| 8:41 | Footman |
| 9:31 | Knight |
| 9:45 | Priest Adept Training |
| 9:46 | Priest |
| 9:54 | Healing Spray |
| 10:15 | Farm |
| 10:19 | Iron Plating |
| 10:19 | Steel Plating |
| 10:28 | Animal War Training |
| 11:07 | Knight |
| 11:11 | Farm |
| 11:44 | Farm |
| 12:10 | Priest Master Training |
| 13:30 | Priest |
| 13:30 | Knight |
| 13:53 | Chemical Rage |
| 14:11 | Potion of Healing |
| 14:16 | Lesser Clarity Potion |
| 14:24 | Spell Breaker |
| 14:26 | Flame Strike |
| 14:51 | Scroll of Town Portal |
| 15:37 | Spell Breaker |
| 15:45 | Mithril Plating |
| 16:55 | Healing Spray |
| 17:26 | Knight |
| 17:44 | Siphon Mana |
| 17:48 | Knight |
| 18:09 | Town Hall |
| 18:33 | Lesser Clarity Potion |
| 18:46 | Priest |
| 18:47 | Priest |
| 19:18 | Priest |
| 19:24 | Priest |
| 19:27 | Knight |
| 19:27 | Knight |
| 19:44 | Knight |
| 19:44 | Knight |
| 20:15 | Knight |
| 20:15 | Knight |
| 20:34 | Priest |
| 20:59 | Priest |
| 21:59 | Acid Bomb |
| 22:40 | Knight |
| 23:01 | Knight |
| 23:41 | Town Hall |
| 24:01 | Healing Spray |
| 24:39 | Summon Phoenix |
| 25:50 | Priest |
| 25:50 | Priest |
| 25:53 | Sundering Blades |
| 26:12 | Knight |
| 27:58 | Knight |
| Right click | 2280 |
| Select group | 1809 |
| Select | 873 |
| Misc. action | 373 |
| Assign group | 197 |
| Use ability | 192 |
| Build/train/purchase | 153 |
| Minimap ping | 7 |
| Esc | 5 |
| Resource trade | 5 |
| Chat | 4 |
| Item give/drop | 2 |
⇛